 Dungeon Crawl Stone Soup version 0.31.0 (webtiles) character file.

Game seed: 3549749613705004825

2096 Chimkentus the Ruffian (level 9, -5/84 HPs)
             Began as a Troll Monk on Jan 19, 2024.
             Slain by a vampire (11 damage)
             ... on level 7 of the Dungeon.
             The game lasted 00:25:59 (5379 turns).

Chimkentus the Ruffian (Troll Monk)                 Turns: 5379, Time: 00:26:00

Health: -5/84      AC:  5    Str: 25    XL:     9   Next: 7%
Magic:  0/11       EV: 10    Int:  6    God:
Gold:   365        SH:  8    Dex: 12    Spells: 8/8 levels left

rFire   . .          .
                       - Unarmed
rCold   . . .        s - +0 kite shield
rNeg    . . .        q - +0 animal skin
rPois   .            (helmet restricted)
rElec   .            l - +0 cloak
rCorr   .            (gloves unavailable)
SInv    .            (boots unavailable)
Will    .....        g - amulet of guardian spirit
Stlth   ++           (no ring)
HPRegen 1.14/turn    (no ring)
MPRegen 0.12/turn

%: guardian spirit
@: no status effects
A: large, unfitting armour, claws 3, regeneration 1, shaggy fur 1, tough skin 1
a: no special abilities


You were on level 7 of the Dungeon.
You visited 2 branches of the dungeon, and saw 8 of its levels.

You collected 365 gold pieces.

Inventory:

Missiles
 m - 3 poisoned darts
 t - 4 curare-tipped darts
 A - 7 boomerangs (quivered)
Armour
 a - a +0 robe
 c - an orb of light
 l - a +0 cloak (worn)
 q - a +0 animal skin (worn)
 s - a +0 kite shield (worn)
Jewellery
 g - an amulet of guardian spirit (around neck)
 v - an amulet of the acrobat
 D - a ring of ice
Talismans
 n - a blade talisman
 u - a maw talisman
 x - a serpent talisman
Wands
 C - a wand of polymorph (8)
Scrolls
 d - 6 scrolls of teleportation
 f - 2 scrolls of vulnerability {unknown}
 k - 3 scrolls of poison {unknown}
 o - 2 scrolls of amnesia {unknown}
 p - a scroll of noise {unknown}
 w - a scroll of silence {unknown}
 y - a scroll of revelation {unknown}
 B - a scroll of brand weapon {unknown}
Potions
 b - a potion of ambrosia
 e - a potion of brilliance
 h - a potion of might
 i - a potion of cancellation
 j - 3 potions of heal wounds
 r - a potion of curing {unknown}
 z - 2 potions of mutation {unknown}


   Skills:
 + Level 4.0 Fighting
 + Level 3.6 Throwing
 + Level 4.8 Dodging
 + Level 1.3 Stealth
 + Level 3.5 Shields
 - Level 5.8 Unarmed Combat
 * Level 5.1 Invocations


You had 8 spell levels left.
You didn't know any spells.
Your spell library contained the following spells:

 Spells                   Type           Power      Damage    Failure   Level
 Apportation              Tloc           0%         N/A       71%         1
 Necrotise                Necr           0%         1d4       71%         1
 Sting                    Conj/Alch      0%         1d3       71%         1
 Summon Small Mammal      Summ           0%         N/A       71%         1
 Vampiric Draining        Necr           0%         2d6       97%         3
 Martyr's Knell           Necr/Summ      0%         N/A       100%        4
 Curse of Agony           Necr           0%         N/A       100%        5


Dungeon Overview and Level Annotations

Branches:
Dungeon (7/15)             Temple (1/1) D:5

Altars:
Ashenzari
Dithmenos
Fedhas
Gozag
Hepliaklqana
Makhleb
Okawaru
Ru
Sif Muna
Trog
Uskayaw
Vehumet
Wu Jian
Yredelemnul
Zin

Shops:
D:3 (   D:4 [


Innate Abilities, Weirdness & Mutations

You are too large for most types of armour.
You have claws for hands.
Your natural rate of healing is unusually fast.
You are covered in fur. (AC +1)
You have tough skin. (AC +1)


Message History

The vampire draws life force from you!
The vampire is healed by the life force!
You scratch the vampire but do no damage.
The vampire is almost destroyed.
You block the vampire's attack. x2
You scratch the vampire.
The vampire is almost destroyed.
The vampire gestures at you while chanting.
You are confused.
You are too confused!
You are too confused!
You bump into the rock wall.
The vampire mumbles some strange words.
The vampire flickers and vanishes!
Deactivating autopickup; reactivate with Ctrl-A.
You bump into the stone wall.
Something draws life force from you!
You bump into the stone wall.
Something hits you! Something bites you!
Something draws strength from your injuries!
You're too confused to move!
You hear some strange, mumbled words.
Something tries to affect you, but you resist.
You bump into the rock wall.
Something hits you. Something bites you!
Something draws strength from your injuries!
You bump into the rock wall.
You feel less confused. You block something's attack. x2
You barely miss something. Something hits you!
* * * LOW HITPOINT WARNING * * *
Something bites you.
* * * LOW HITPOINT WARNING * * *
Something draws strength from your injuries!
You scratch something but do no damage. Something hits you!
* * * LOW HITPOINT WARNING * * *
Something bites you!
* * * LOW HITPOINT WARNING * * *
Something draws strength from your injuries!
You claw something! Something hits you.
* * * LOW HITPOINT WARNING * * *
Something bites you!
You die...

.....#.......#.......#
....#......##.......##
... #......'.........'
..#####...##.........#
#+#...#'#.#...........
##.......#####.......###
...........#.#'#...#'#.#
#.........##...#####...##
'.........+.....@#[.....'
##.......##.....{#....s5#
.#.......#.......#.......
.####'####.......'.......
.# ..... #.......#.......
##.......##......#......#
'.........+......#......+
#.........##...#####...##
...........#.#+ +#.#


There were no monsters in sight!

Vanquished Creatures
  2 ice beasts (D:5)
  A sky beast (D:7)
  A black bear (D:6)
  2 ogres
  A centaur (D:7)
  2 phantoms
  2 scorpions
  2 wights
  4 bullfrog zombies (D:5)
  2 bombardier beetles (D:4)
  6 orc priests
  A hound (D:5)
  A jelly (D:6)
  3 sleepcaps
  4 iguanas
  Natasha (thrice) (D:2)
  4 orc wizards
  A hound zombie (D:5)
  A howler monkey zombie (D:5)
  Robin (D:3)
  4 gnolls (D:5)
  8 adders
  A shadow imp (D:5)
  A white imp (D:5)
  4 ufetubi (D:6)
  2 dart slugs
  32 orcs
  6 bats
  9 endoplasms
  4 giant cockroaches
  11 goblins
  14 hobgoblins
  5 kobolds
  3 quokkas
  11 ball pythons
  A frilled lizard (D:1)
  3 rats (D:3)
163 creatures vanquished.

Notes
Turn   | Place    | Note
-------+----------+-------------------------------------------
     0 | D:1      | Chimkentus the Troll Monk began the quest for the Orb.
     0 | D:1      | Reached XP level 1. HP: 22/22 MP: 0/0
   204 | D:1      | Found a faded altar of an unknown god.
   297 | D:1      | Reached XP level 2. HP: 29/29 MP: 1/1
   654 | D:2      | Reached XP level 3. HP: 22/36 MP: 2/2
   740 | D:2      | Reached skill level 1 in Invocations
   818 | D:2      | Reached XP level 4. HP: 44/44 MP: 3/3
   906 | D:2      | Noticed Natasha
   916 | D:2      | Killed Natasha
  1256 | D:2      | Noticed Natasha
  1262 | D:2      | Killed Natasha
  1263 | D:2      | Reached XP level 5. HP: 52/52 MP: 5/5
  1386 | D:2      | Noticed Natasha
  1393 | D:2      | Killed Natasha
  1763 | D:3      | Found a shadowy altar of Dithmenos.
  1806 | D:3      | Found Giapn's Antique Weapon Shop.
  2094 | D:3      | Identified the +1 helmet "Wusouly" {rElec rN+}
  2094 | D:3      | Noticed Robin
  2143 | D:3      | Reached skill level 5 in Unarmed Combat
  2224 | D:3      | Killed Robin
  2225 | D:3      | Reached XP level 6. HP: 56/61 MP: 6/6
  3117 | D:4      | Found an opulent altar of Gozag.
  3210 | D:4      | Found Justaux's Antique Armour Emporium.
  3302 | D:4      | Reached XP level 7. HP: 67/67 MP: 8/8
  3417 | D:5      | Entered Level 5 of the Dungeon
  3458 | D:5      | Found a staircase to the Ecumenical Temple.
  3464 | D:5      | Reached skill level 1 in Throwing
  3470 | Temple   | Entered the Ecumenical Temple
  3592 | D:5      | Found a hazy altar of Hepliaklqana.
  3738 | D:5      | Reached skill level 1 in Stealth
  3738 | D:5      | Reached skill level 1 in Shields
  3915 | D:5      | Found a glowing silver altar of Zin.
  4037 | D:5      | Reached XP level 8. HP: 73/75 MP: 10/10
  4289 | D:5      | Found a basalt altar of Yredelemnul.
  4977 | D:6      | Found an iron altar of Okawaru.
  5185 | D:7      | Reached skill level 5 in Invocations
  5302 | D:7      | Reached XP level 9. HP: 65/81 MP: 9/11
  5379 | D:7      | Slain by a vampire

Illustrated notes

Levels and vault maps discovered:
D:1:      scummos_arrival_star, layout_basic, shapermc_ecumenical_altar_petra,
          grunt_decor_fettered
D:2:      layout_loops_corners, serial_aquarium, aquarium_bridge_square
          [aquarium_subvault_bridge, aquarium_subvault_window,
          aquarium_subvault_wall, aquarium_subvault_bridge],
          aquarium_bridge_square [aquarium_subvault_wall,
          aquarium_subvault_bridge, aquarium_subvault_window,
          aquarium_subvault_bridge], aquarium_window_2, aquarium_window_1,
          aquarium_view_2b, aquarium_pool_2, uniq_natasha
D:3:      layout_loops_corners, grunt_dithmenos_smoke_and_mirrors, serial_shops,
          nicolae_shop_window_shopping, corexii_corridor_pit, uniq_robin
D:4:      layout_gridville, mainiacjoe_overflow_alcove_2, serial_shops, shop
D:5:      layout_basic, mainiacjoe_overflow_surrounded_room,
          nicolae_hepliaklqana_hazy_memory, nicolae_yredelemnul_corpse_copse,
          minmay_temple_entry_mini_moons, serial_bayou, serial_bayou_ford_a,
          serial_bayou_lagoon_b, serial_bayou_pond_c, serial_bayou_pond_b,
          minivault_19, chequers_jeans
D:6:      layout_rooms, okawaru_altar_gauntlet_db
D:7:      nicolae_cairo_tiling_very_big, layout_rooms,
          nicolae_qazlal_beasts_of_the_sky
Temple:   dpeg_three_leaves_temple

Skill      XL: |  1  2  3  4  5  6  7  8 |
---------------+-------------------------+-----
Invocations    | 1 2 4 5 |  5.1
Unarmed Combat | 4 5 |  5.8
Dodging        | 3 4 |  4.8
Fighting       | 3 4 |  4.0
Throwing       | 1 3 |  3.6
Stealth        | 1 |  1.3
Shields        | 1 3 |  3.5

Action                     |  1- 3 |  4- 6 |  7- 9 || total
---------------------------+-------+-------+-------++-------
  Melee: Unarmed           |    46 |   166 |   208 ||   420
  Throw: Dart              |       |    11 |    16 ||    27
         Boomerang         |       |       |    23 ||    23
    Use: Scroll            |       |     5 |       ||     5
         Potion            |       |       |     1 ||     1
   Stab: Sleeping          |       |       |     2 ||     2
 Armour: Robe              |    19 |    44 |       ||    63
         Animal skin       |       |    42 |   189 ||   231
  Dodge: Dodged            |    21 |    55 |   110 ||   186
  Block: Kite shield       |       |       |   127 ||   127
